 Dungeon Crawl Stone Soup version bcrawl-1.12.2 (webtiles) character file.

Game seed: 15264517124802640799

47 Ebbett the Sneak (level 3, 0/16 HPs)
             Began as a Spriggan Rogue on July 23, 2019.
             Slain by a hobgoblin
             ... wielding a +0 club
              (6 damage)
             ... on level 2 of the Dungeon.
             The game lasted 00:03:27 (1337 turns).

Ebbett the Sneak (Spriggan Rogue)                   Turns: 1337, Time: 00:03:27

Health: 0/16       AC:  3    Str:  7    XL:     3   Next: 48%
Magic:  6/6        EV: 16    Int: 12    God:
Gold:   84         SH:  0    Dex: 18    Spells: 2/2 levels left

rFire    . . .     SeeInvis +   a - +2 dagger
rCold    . . .     Gourm    .   (shield restricted)
rNeg     . . .     Faith    .   c - +0 robe
rPois    .         Spirit   .   (helmet restricted)
rElec    .         Reflect  .   d - +0 cloak
rCorr    .         Harm     .   (gloves unavailable)
MR       .....                  (boots unavailable)
Stlth    ++++......             (no amulet)
HPRegen  0.05/turn              (no ring)
MPRegen  0.10/turn              (no ring)

@: very quick
A: very small, unfitting armour, see invisible, herbivore, speed 3, slow
metabolism 2
a: no special abilities


You were on level 2 of the Dungeon.
You were not hungry.

You visited 1 branch of the dungeon, and saw 2 of its levels.

You collected 84 gold pieces.

Inventory:

Hand Weapons
 a - a +2 dagger (weapon)
 b - a +0 blowgun
Missiles
 e - 80 poisoned needles
Armour
 c - a +0 robe (worn)
 d - a +0 cloak (worn)
Wands
 f - a wand of flame (15)
 g - a wand of enslavement (15)
Scrolls
 i - a scroll of enchant weapon {unknown}
 j - 2 scrolls of teleportation {unknown}
 l - a scroll of remove curse {unknown}
 m - a scroll of magic mapping {unknown}
 n - a scroll of identify {unknown}
Potions
 k - a potion of heal wounds
 o - 2 potions of haste {unknown}
Comestibles
 h - 4 rations {!d}


   Skills:
 + Level 3.2 Short Blades
 + Level 2.1 Throwing
 + Level 0.7 Dodging
 + Level 7.7 Stealth
 + Level 2.6 Evocations


You had 2 spell levels left.
You didn't know any spells.
Your spell library was empty.

Dungeon Overview and Level Annotations

Branches:
Dungeon (2/12)

Altars:


Innate Abilities, Weirdness & Mutations

You are very small and have problems with some larger weapons.
You are too small for most types of armour.
You have supernaturally acute eyesight. (SInv)
You are a herbivore.
You cover ground extremely quickly.
You need to consume almost no food.


Message History

The goblin is severely wounded.
You hit the goblin.
You kill the goblin!
A goblin comes into view. It is wielding a +0 club.
A goblin and a hobgoblin come into view.
The helpless goblin fails to defend itself.
You perforate the goblin like a sieve!!!
You kill the goblin!
You hit the goblin.
You kill the goblin!
You see here a +0 club.
The goblin shouts! x3; The hobgoblin shouts!
You closely miss the goblin. The goblin hits you with a +0 dagger.
You hit the goblin but do no damage. You barely miss the goblin.
The goblin closely misses you.
You hit the goblin.
You kill the goblin!
You closely miss the goblin. The goblin barely misses you.
The hobgoblin hits you with a +0 club.
You die...

#...............#
#......########.#
#.....####### #.#
#........<..# #.#
#.....#####.# #.######
#.###.....#.# #.......
#.####.# #..##.#.# ####.###
#......###g.##.#.# ##.##
######...g@###.#.# ##...##
#########.### #.#.## #.....[
......)...#####.)..###....#.
.......#)............)......
.......#.#####.#...###.#.##.
.......#.# #.#######.#.##.
.......#.#####(..[.....#.##.
.≈≈≈≈≈≈#.>................#.
≈≈≈g≈≈≈###................#.


You could see a hobgoblin and a goblin.

Vanquished Creatures
  An adder (D:2)
  3 leopard geckos
  6 giant cockroaches
  8 goblins
  2 hobgoblins (D:2)
  7 kobolds
  2 bats (D:1)
  2 frilled lizards (D:1)
  2 rats
33 creatures vanquished.

Notes
Turn   | Place    | Note
-------+----------+-------------------------------------------
     0 | D:1      | Ebbett the Spriggan Rogue began the quest for the Orb.
     0 | D:1      | Reached XP level 1. HP: 9/9 MP: 3/3
   260 | D:1      | Reached skill level 7 in Stealth
   260 | D:1      | Reached XP level 2. HP: 13/13 MP: 5/5
   945 | D:2      | Reached XP level 3. HP: 7/16 MP: 6/6
  1337 | D:2      | Slain by a hobgoblin

Skill      XL: |  1  2 |
---------------+-------+-----
Stealth        | 7 |  7.7
Short Blades   | 3 |  3.2
Throwing       | |  2.1
Dodging        | |  0.7
Evocations     | |  2.6

Action                   || total
-------------------------++-------
Melee: Dagger            ||   101
  Use: Potion            ||     2
 Stab: Sleeping          ||     8
Armor: Robe              ||    23
Dodge: Dodged            ||    52
